 Dungeon Crawl Stone Soup version 0.21.1-1-g345015f (webtiles) character file.

1189 tidbits the Charmwright (level 8, -1/64 HPs)
             Began as a Gnoll Skald on June 29, 2018.
             Slain by an orc warrior
             ... wielding a +0 short sword
              (5 damage)
             ... on level 7 of the Dungeon.
             The game lasted 00:09:33 (1015 turns).

tidbits the Charmwright (Gnoll Skald)               Turns: 1015, Time: 00:09:34

Health: -1/64      AC:  6    Str: 14    XL:     8   Next: 43%
Magic:  7/17       EV: 15    Int: 17    God:
Gold:   102        SH:  0    Dex: 15    Spells: 8/19 levels left

rFire    . . .     SeeInvis +   a - -1 war axe (curse)
rCold    . . .     Gourm    .   (no shield)
rNeg     . . .     Faith    .   B - +0 leather armour
rPois    .         Spirit   .   k - +2 hat
rElec    .         Reflect  .   (no cloak)
rCorr    .         Harm     .   (no gloves)
MR       .....                  F - +0 pair of boots
Stlth    ++........             (no amulet)
HPRegen  0.20/turn              l - ring of see invisible
MPRegen  0.15/turn              (no ring)

@: singing
A: distributed training, fangs 1, strong nose
a: no special abilities


You were on level 7 of the Dungeon.
You were very hungry.

You visited 1 branch of the dungeon, and saw 8 of its levels.

You collected 102 gold pieces.

Inventory:

Hand Weapons
 a - a cursed -1 war axe (weapon)
 h - a +0 flail
 j - a +0 dagger of protection
   (You took it off an orc wizard on level 4 of the Dungeon)
 m - a +0 hand axe
 o - a +0 morningstar
 v - a +2 great sword
 w - a +4 great sword
Missiles
 e - 14 tomahawks (quivered)
Armour
 i - a +0 ring mail
 k - a +2 hat (worn)
 p - a cursed -1 ring mail
 B - a +0 leather armour (worn)
 F - a +0 pair of boots (worn)
Jewellery
 l - a ring of see invisible (left hand)
   (You found it on level 2 of the Dungeon)
Scrolls
 n - a scroll of blinking
 s - a scroll of amnesia
 x - a scroll of magic mapping {unknown}
Potions
 b - 2 potions of curing {unknown}
 f - a potion of heal wounds
 g - a potion of berserk rage
 q - a potion of magic {unknown}
 t - a potion of ambrosia {unknown}
 u - a potion of flight
Books
 d - a book of Battle

   Spells                             Type                      Level
   a - Infusion                       Charms                       1
   b - Shroud of Golubria             Charms/Translocation         2
   c - Song of Slaying                Charms                       2
   d - Spectral Weapon                Hexes/Charms                 3
   e - Regeneration                   Charms/Necromancy            3
 r - a book of Changes
   (You found it on level 6 of the Dungeon)

   Spells                             Type                      Level
   a - Beastly Appendage              Transmutation                1
   b - Sticks to Snakes               Transmutation                2
   c - Spider Form                    Transmutation/Poison         3
   d - Ice Form                       Ice/Transmutation            4
   e - Blade Hands                    Transmutation                5
Comestibles
 c - 5 rations


   Skills:
 + Level 5.6 Fighting
 + Level 3.2 Short Blades
 + Level 3.2 Long Blades
 + Level 5.6 Axes
 + Level 3.2 Maces & Flails
 + Level 3.2 Polearms
 + Level 3.2 Staves
 + Level 3.2 Slings
 + Level 3.2 Bows
 + Level 3.2 Crossbows
 + Level 3.2 Throwing
 + Level 4.1 Armour
 + Level 5.6 Dodging
 + Level 3.2 Stealth
 + Level 3.2 Shields
 + Level 3.2 Unarmed Combat
 + Level 6.0 Spellcasting
 + Level 2.6 Conjurations
 + Level 2.6 Hexes
 + Level 6.1 Charms
 + Level 2.6 Summonings
 + Level 2.6 Necromancy
 + Level 2.6 Translocations
 + Level 2.6 Transmutations
 + Level 2.6 Fire Magic
 + Level 2.6 Ice Magic
 + Level 2.6 Air Magic
 + Level 2.6 Earth Magic
 + Level 2.6 Poison Magic
 + Level 3.5 Invocations
 + Level 3.2 Evocations


You had 8 spell levels left.
You knew the following spells:

 Your Spells              Type           Power        Failure   Level  Hunger
g - Shroud of Golubria    Chrm/Tloc      ###.......   4%          2    None
i - Infusion              Chrm           ####         1%          1    None
r - Regeneration          Chrm/Necr      ###.......   8%          3    ##.....
w - Spectral Weapon       Hex/Chrm       ###.....     8%          3    ##.....
y - Song of Slaying       Chrm           ####....     1%          2    None


Dungeon Overview and Level Annotations

Branches:
Dungeon (8/15)
 Temple: D:4-7         Lair: D:8-11

Altars:
Hepliaklqana
Kikubaaqudgha
Qazlal
Sif Muna
Xom


Innate Abilities, Weirdness & Mutations

Your experience applies equally to all skills.
You have very sharp teeth.
Your uncanny sense of smell can sniff out nearby items.


Message History

The hound skeleton barely misses you.
Unknown command.
Casting: Spectral Weapon
Confirm with . or Enter, or press ? or * to list all spells.
Space distorts slightly along a thin shroud covering your body.
The hound skeleton bites you but does no damage.
The hound skeleton misses you.
Unknown command.
You slash the hound skeleton!
The hound skeleton is moderately damaged.
You hear a shout!
Your spectral weapon closely misses the hound skeleton.
The hound skeleton closely misses you.
You hit the hound skeleton. Your bite misses the hound skeleton.
The hound skeleton is severely damaged.
You completely miss the orc.
Your spectral weapon barely misses the hound skeleton.
The hound skeleton completely misses you.
The orc closely misses you. The hound skeleton misses you.
You slash the hound skeleton!
The hound skeleton is almost destroyed.
You closely miss the orc.
You hear an angry hiss.
Your spectral weapon hits the hound skeleton.
You destroy the hound skeleton!
The orc closely misses you.
An orc priest comes into view. It is wielding a hand axe.
You barely miss the hungry ghost. You completely miss the orc.
Your spectral weapon hits the hungry ghost.
The hungry ghost hits your spectral weapon.
The orc misses you.
Your shroud bends the hungry ghost's attack away.
An orc and an orc warrior come into view.
You slash the hungry ghost!
The hungry ghost is heavily damaged.
You closely miss the orc.
Your spectral weapon hits the hungry ghost!
The orc barely misses you.
Your shroud bends the hungry ghost's attack away.
The orc closely misses you.
An orc comes into view.
You hit the hungry ghost. Your bite misses the hungry ghost.
The hungry ghost is severely damaged.
You hit the orc.
Your spectral weapon misses the hungry ghost.
The hungry ghost misses you. The orc hits you but does no damage.
An adder comes into view.
You closely miss the hungry ghost. Your punch misses the hungry ghost.
The hungry ghost is severely damaged.
You hit the orc.
Your spectral weapon hits the hungry ghost!
You destroy the hungry ghost!
Your Spellcasting skill increases to level 6!
The orc closely misses you.
Unknown command.
You hit the orc warrior but do no damage.
You hit the orc.
You kill the orc!
Your spectral weapon hits the orc warrior.
The orc priest looks braver for a moment.
Your shroud bends the orc warrior's attack away.
Unknown command.
You hit the orc warrior but do no damage.
The orc warrior is moderately wounded.
You hit the adder but do no damage.
Something shouts, "Capitulate, thou unctious dismal-dreaming erk!"
Your spectral weapon fades away.
The orc warrior misses you. The adder bites you but does no damage.
The orc priest mumbles some strange prayers to Beogh against you.
Beogh smites you!
Casting: Shroud of Golubria
Confirm with . or Enter, or press ? or * to list all spells.
You draw out your weapon's spirit!
The adder bites you but does no damage.
The orc priest mumbles some strange prayers to Beogh against you.
Pain shoots through your body!
* * * LOW HITPOINT WARNING * * *
The adder misses you.
Unknown command.
You slash the orc warrior! You bite the orc warrior.
The orc warrior is heavily wounded.
You hit the adder.
Your spectral weapon hits the orc warrior but does no damage.
Your spectral weapon hits the adder!
You kill the adder!
Your spectral weapon closely misses the orc priest.
The orc warrior closely misses your spectral weapon.
The orc priest calls down the wrath of Beogh upon you.
Beogh smites you!
* * * LOW HITPOINT WARNING * * *
The orc warrior hits your spectral weapon with a short sword!
Your spectral weapon shares its damage with you!
* * * LOW HITPOINT WARNING * * *
A shadow imp comes into view.
You slash the orc!
You kill the orc!
You strike the helpless orc warrior from behind!
You hit the orc warrior.
The orc priest closely misses your spectral weapon.
The orc warrior hits you with a short sword.
You die...

# #...<... ... #.
#....... #.#
..##....... #.#
.......... #.#..
..##....... #.#.# .
#....... #.#.#
#..[.... #####.#o##
####[###
.....5o(@#####.#
#.#
.....(.#o......#
#.#
.........#######
#.# ..#####.## #.#
. #.# #.# #.# #.###
#.# #....
.#######.#####
###.#
.............######
#.#


You could see an orc warrior, an orc priest, a shadow imp, an orc and a friendly
spectral enchanted war axe.

Vanquished Creatures
  The ghost of bmj180 the Slasher, an amateur MiFi (D:4)
  A hungry ghost (D:7)
  A sky beast (D:7)
  A bullfrog (D:6)
  A scorpion (D:6)
  3 wights (D:7)
  A hound (D:4)
  2 orc priests
  A centaur skeleton (D:4)
  Natasha (D:4)
  5 orc wizards
  4 worker ants
  A hound skeleton (D:7)
  6 adders
  A gnoll (D:1)
  A shadow imp (D:6)
  An ooze (D:4)
  2 worms (D:2)
  2 leopard geckos
  15 orcs
  2 ball pythons (D:2)
  4 giant cockroaches
  2 goblins (D:1)
  A hobgoblin (D:2)
  A jackal (D:4)
  3 kobolds
  3 rats
67 creatures vanquished.

Notes
Turn   | Place    | Note
-------+----------+-------------------------------------------
     0 | D:1      | tidbits the Gnoll Skald began the quest for the Orb.
     0 | D:1      | Reached XP level 1. HP: 20/20 MP: 6/6
    70 | D:1      | Reached XP level 2. HP: 25/26 MP: 0/7
   261 | D:2      | Reached XP level 3. HP: 31/31 MP: 3/9
   265 | D:2      | Learned a level 2 spell: Song of Slaying
   268 | D:2      | Learned a level 2 spell: Shroud of Golubria
   272 | D:2      | Learned a level 3 spell: Regeneration
   276 | D:2      | Learned a level 3 spell: Spectral Weapon
   298 | D:2      | Reached skill level 5 in Spellcasting
   346 | D:5      | Entered Level 5 of the Dungeon
   357 | D:4      | Noticed Natasha
   363 | D:4      | Killed Natasha
   363 | D:4      | Reached skill level 1 in Short Blades
   363 | D:4      | Reached skill level 1 in Long Blades
   363 | D:4      | Reached skill level 1 in Maces & Flails
   363 | D:4      | Reached skill level 1 in Polearms
   363 | D:4      | Reached skill level 1 in Staves
   363 | D:4      | Reached skill level 1 in Slings
   363 | D:4      | Reached skill level 1 in Bows
   363 | D:4      | Reached skill level 1 in Crossbows
   363 | D:4      | Reached skill level 1 in Throwing
   363 | D:4      | Reached skill level 1 in Stealth
   363 | D:4      | Reached skill level 1 in Shields
   363 | D:4      | Reached skill level 1 in Unarmed Combat
   363 | D:4      | Reached skill level 1 in Invocations
   363 | D:4      | Reached skill level 1 in Evocations
   363 | D:4      | Reached XP level 4. HP: 33/38 MP: 7/11
   398 | D:4      | Reached skill level 1 in Conjurations
   398 | D:4      | Reached skill level 1 in Hexes
   398 | D:4      | Reached skill level 1 in Summonings
   398 | D:4      | Reached skill level 1 in Necromancy
   398 | D:4      | Reached skill level 1 in Translocations
   398 | D:4      | Reached skill level 1 in Transmutations
   398 | D:4      | Reached skill level 1 in Fire Magic
   398 | D:4      | Reached skill level 1 in Ice Magic
   398 | D:4      | Reached skill level 1 in Air Magic
   398 | D:4      | Reached skill level 1 in Earth Magic
   398 | D:4      | Reached skill level 1 in Poison Magic
   398 | D:4      | Reached XP level 5. HP: 43/43 MP: 7/12
   402 | D:4      | Found a stormy altar of Qazlal.
   461 | D:4      | Reached skill level 3 in Armour
   475 | D:4      | Noticed bmj180's ghost (amateur MiFi)
   482 | D:4      | Killed bmj180's ghost
   482 | D:4      | Reached skill level 5 in Fighting
   482 | D:4      | Reached skill level 2 in Short Blades
   482 | D:4      | Reached skill level 2 in Long Blades
   482 | D:4      | Reached skill level 5 in Axes
   482 | D:4      | Reached skill level 2 in Maces & Flails
   482 | D:4      | Reached skill level 2 in Polearms
   482 | D:4      | Reached skill level 2 in Staves
   482 | D:4      | Reached skill level 2 in Slings
   482 | D:4      | Reached skill level 2 in Bows
   482 | D:4      | Reached skill level 2 in Crossbows
   482 | D:4      | Reached skill level 2 in Throwing
   482 | D:4      | Reached skill level 5 in Dodging
   482 | D:4      | Reached skill level 2 in Stealth
   482 | D:4      | Reached skill level 2 in Shields
   482 | D:4      | Reached skill level 2 in Unarmed Combat
   482 | D:4      | Reached skill level 2 in Invocations
   482 | D:4      | Reached skill level 2 in Evocations
   482 | D:4      | Reached XP level 6. HP: 51/51 MP: 2/14
   496 | D:4      | Reached XP level 7. HP: 52/56 MP: 4/15
   645 | D:5      | Found a hazy altar of Hepliaklqana.
   686 | D:5      | Reached skill level 2 in Conjurations
   686 | D:5      | Reached skill level 2 in Hexes
   686 | D:5      | Reached skill level 2 in Summonings
   686 | D:5      | Reached skill level 2 in Necromancy
   686 | D:5      | Reached skill level 2 in Translocations
   686 | D:5      | Reached skill level 2 in Transmutations
   686 | D:5      | Reached skill level 2 in Fire Magic
   686 | D:5      | Reached skill level 2 in Ice Magic
   686 | D:5      | Reached skill level 2 in Air Magic
   686 | D:5      | Reached skill level 2 in Earth Magic
   686 | D:5      | Reached skill level 2 in Poison Magic
   767 | D:6      | Reached skill level 3 in Invocations
   859 | D:6      | Found a shimmering altar of Xom.
   866 | D:6      | Found an ancient bone altar of Kikubaaqudgha.
   868 | D:6      | Found a deep blue altar of Sif Muna.
   924 | D:7      | Reached XP level 8. HP: 63/63 MP: 7/16
   930 | D:7      | Reached skill level 6 in Charms
   961 | D:7      | Reached skill level 3 in Short Blades
   961 | D:7      | Reached skill level 3 in Long Blades
   961 | D:7      | Reached skill level 3 in Maces & Flails
   961 | D:7      | Reached skill level 3 in Polearms
   961 | D:7      | Reached skill level 3 in Staves
   961 | D:7      | Reached skill level 3 in Slings
   961 | D:7      | Reached skill level 3 in Bows
   961 | D:7      | Reached skill level 3 in Crossbows
   961 | D:7      | Reached skill level 3 in Throwing
   961 | D:7      | Reached skill level 4 in Armour
   961 | D:7      | Reached skill level 3 in Stealth
   961 | D:7      | Reached skill level 3 in Shields
   961 | D:7      | Reached skill level 3 in Unarmed Combat
   961 | D:7      | Reached skill level 3 in Evocations
  1010 | D:7      | Reached skill level 6 in Spellcasting
  1014 | D:7      | HP: 4/64 [orc warrior/short sword (5)]
  1015 | D:7      | Slain by an orc warrior

Skill      XL: |  1  2  3  4  5  6  7  8 |
---------------+-------------------------+-----
Spellcasting   | 5 6 |  6.0
Short Blades   | 1 2 3 |  3.2
Long Blades    | 1 2 3 |  3.2
Maces & Flails | 1 2 3 |  3.2
Polearms       | 1 2 3 |  3.2
Staves         | 1 2 3 |  3.2
Slings         | 1 2 3 |  3.2
Bows           | 1 2 3 |  3.2
Crossbows      | 1 2 3 |  3.2
Throwing       | 1 2 3 |  3.2
Stealth        | 1 2 3 |  3.2
Shields        | 1 2 3 |  3.2
Unarmed Combat | 1 2 3 |  3.2
Invocations    | 1 2 3 |  3.5
Evocations     | 1 2 3 |  3.2
Conjurations   | 1 2 |  2.6
Hexes          | 1 2 |  2.6
Summonings     | 1 2 |  2.6
Necromancy     | 1 2 |  2.6
Translocations | 1 2 |  2.6
Transmutations | 1 2 |  2.6
Fire Magic     | 1 2 |  2.6
Ice Magic      | 1 2 |  2.6
Air Magic      | 1 2 |  2.6
Earth Magic    | 1 2 |  2.6
Poison Magic   | 1 2 |  2.6
Armour         | 3 4 |  4.1
Fighting       | 5 |  5.6
Axes           | 5 |  5.6
Dodging        | 5 |  5.6
Charms         | 6 |  6.1

Action                   |  1- 3 |  4- 6 |  7- 9 || total
-------------------------+-------+-------+-------++-------
Melee: Hand axe          |    21 |       |       ||    21
       War axe           |    12 |    33 |    72 ||   117
       Bite              |     3 |     4 |     7 ||    14
       Punch             |       |     1 |     1 ||     2
Throw: Tomahawk          |     6 |       |     7 ||    13
 Cast: Infusion          |     4 |       |       ||     4
       Spectral Weapon   |     2 |     4 |    11 ||    17
       Shroud of Golubri |       |     1 |     2 ||     3
       Song of Slaying   |       |     2 |     5 ||     7
       Regeneration      |       |     1 |     5 ||     6
  Use: Scroll            |     2 |       |     3 ||     5
       Potion            |       |     2 |       ||     2
 Stab: Distracted        |       |       |     1 ||     1
  Eat: Chunk             |       |       |     1 ||     1
Armor: Leather armour    |     5 |     7 |    16 ||    28
Dodge: Dodged            |    25 |    17 |    54 ||    96

Table legend:
 A = Turns spent in this place as a percentage of turns spent in the entire game.
 B = Non-inter-level travel turns spent in this place as a percentage of non-inter-level travel turns spent in the entire game.
 C = Inter-level travel turns spent in this place as a percentage of turns spent in this place.
 D = Turns resting spent in this place as a percentage of non-inter-level travel turns spent in this place.
 E = Turns spent auto-exploring this place as a percentage of non-inter-level travel turns spent in this place.
 F = Non-inter-level travel turns spent in this place divided by the number of levels of this place that you've seen.
                   A       B       C       D       E      F
               +-------+-------+-------+-------+-------+----------------------
         Total | 100.0 | 100.0 |   0.0 |   0.0 |   0.0 | 126.9
       Dungeon | 100.0 | 100.0 |   0.0 |   0.0 |   0.0 | 126.9
               +-------+-------+-------+-------+-------+----------------------

Table legend:
 A = Kills in this place as a percentage of kills in entire the game.
 B = Kills by you in this place as a percentage of kills by you in the entire game.
 C = Kills by friends in this place as a percentage of kills by friends in the entire game.
 D = Other kills in this place as a percentage of other kills in the entire game.
 E = Experience gained in this place as a percentage of experience gained in the entire game.
 F = Experience gained in this place divided by the number of levels of this place that you have seen.
                   A       B       C       D       E      F
               +-------+-------+-------+-------+-------+----------------------
         Total | 100.0 | 100.0 |   N/A |   N/A | 100.0 | 212.4
       Dungeon | 100.0 | 100.0 |   N/A |   N/A | 100.0 | 212.4
               +-------+-------+-------+-------+-------+----------------------

Vault maps used:
D:1:      lightli_arrival_noodles
D:2:      nemelex_dance_club_becter
D:4:      cheibrodos_barr_body, nicolae_overflow_crystal_walls,
          makhleb_blood_cavern_becter, marbit_many_paths,
          minmay_temple_entry_enclosed_plants, enter_ossuary_2, uniq_natasha,
          uniq_sigmund
D:5:      lightli_temple_of_fire, basic_altar, first_ration, grunt_ministairs_3
D:6:      grunt_temple_overflow_open, corner_web_ring
D:7:      old_standard_altar, kennysheep_little_box, serial_shops,
          shop_fountains, uniq_crazy_yiuf_cottage
D:8:      hangedman_pestilent_swarm
